 Dungeon Crawl Stone Soup version 0.30.1-4-g462c640d31 (webtiles) character file.

Game seed: 17338554754609154542

5558 spardeous the Thaumaturge (level 11, -15/65 HPs)
             Began as a Djinni Conjurer on Aug 26, 2023.
             Was a Believer of Makhleb.
             Shot with an arrow by a centaur warrior (19 damage)
             ... on level 9 of the Dungeon.
             The game lasted 00:15:56 (9774 turns).

spardeous the Thaumaturge (Djinni Conjurer)         Turns: 9774, Time: 00:15:57

Health: -15/65     AC:  5    Str: 12    XL:     11   Next: 2%
Gold:   258        EV: 13    Int: 23    God:    Makhleb [**....] SH:  5 Dex: 11

rFire   + . .        D - staff of air "Mouzxeyh" {rElec Str+4}
rCold   . . .        (no shield)
rNeg    . . .        H - +0 leather armour "Xucooh" {rF- rC+ Will+ Regen+}
rPois   ∞            k - +0 helmet
rElec   +            (no cloak)
rCorr   .            o - +0 pair of gloves
SInv    .            (boots unavailable)
Will    ++...        u - amulet of reflection
Stlth   +            (no ring)
HPRegen 1.10/turn    (no ring)
MPRegen 0.00/turn

%: reflection, infuse magic (-16 HP)
@: attractive, flying
A: sickness immunity, fire resistance 2, cold vulnerability 1, float, innate
caster, HP casting, extra vitality 1
a: Renounce Religion, Minor Destruction


You were on level 9 of the Dungeon.
You worshipped Makhleb.
Makhleb was pleased with you.
You visited 2 branches of the dungeon, and saw 10 of its levels.

You collected 418 gold pieces.
You spent 160 gold pieces at shops.

Inventory:

Hand Weapons
 n - a +4 heavy spear
Missiles
 J - a throwing net
Armour
 a - a +0 robe
 j - a +0 ring mail
 k - a +0 helmet (worn)
 o - a +0 pair of gloves (worn)
 p - a +0 leather armour
 H - the +0 leather armour "Xucooh" (worn) {rF- rC+ Will+ Regen+}
   (You bought it in a shop on level 8 of the Dungeon)

   rF:        It makes you vulnerable to fire.
   rC:        It protects you from cold.
   Regen:     It increases your rate of health regeneration.
   Will:      It increases your willpower.
Magical Staves
 D - the staff of air "Mouzxeyh" (weapon) {rElec Str+4}
   (You found it on level 7 of the Dungeon)

   [staff of air]

   Your inability to study Air Magic prevents you from drawing on the full power
   of this staff in melee.
   Base accuracy: +5 Base damage: 5 Base attack delay: 1.2 This weapon's minimum
   attack delay (0.6) is reached at skill level 12.
   Str:       It affects your strength (+4).
   rElec:     It insulates you from electricity.
   It falls into the 'Staves' category.
   It is a one-handed weapon.
Jewellery
 u - an amulet of reflection (around neck)
 K - a ring of resist corrosion
Wands
 x - a wand of roots (13)
 y - a wand of light (5)
 F - a wand of mindburst (22)
 N - a wand of charming (6)
Scrolls
 b - 6 scrolls of identify {unknown}
 g - a scroll of enchant weapon {unknown}
 h - 5 scrolls of amnesia {unknown}
 r - a scroll of acquirement {unknown}
 s - a scroll of fear {unknown}
 t - 3 scrolls of poison {unknown}
 v - 2 scrolls of immolation {unknown}
 A - 3 scrolls of enchant armour {unknown}
 C - a scroll of fog {unknown}
 E - a scroll of teleportation {unknown}
 G - a scroll of noise {unknown}
 I - a scroll of vulnerability {unknown}
 M - a scroll of silence {unknown}
 O - a scroll of magic mapping {unknown}
Potions
 c - a potion of magic {unknown}
 d - 3 potions of attraction
 e - 2 potions of cancellation {unknown}
 f - 3 potions of heal wounds {unknown}
 i - 3 potions of berserk rage {unknown}
 l - a potion of might {unknown}
 m - 2 potions of brilliance {unknown}
 q - 3 potions of haste {unknown}
 w - 3 potions of lignification {unknown}
 z - a potion of flight {unknown}
 B - 2 potions of degeneration {unknown}
 L - a potion of experience {unknown}


   Skills:
 + Level 4.9 Dodging
 - Level 1.5 Stealth
 + Level 12.1 Spellcasting


You knew the following spells:

 Your Spells              Type           Power      Damage    Failure   Level
a - Magic Dart            Conj           100%       1d8       1%          1
b - Searing Ray           Conj           100%       2d8       1%          2
c - Dazzling Flash        Conj/Hex       100%       N/A       1%          3
d - Fulminant Prism       Conj/Hex       31%        3d15      1%          4
e - Iskenderun's Mystic   Conj/Tloc      63%        2d13      1%          4
f - Foxfire               Conj/Fire      100%       2x1d9     1%          1
g - Wereblood             Tmut           63%        N/A       1%          2
h - Hailstorm             Conj/Ice       63%        3d13      1%          3
i - Confusing Touch       Hex            63%        N/A       1%          3
j - Sticky Flame          Conj/Fire      63%        2d8       1%          4
Your spell library was empty.

Dungeon Overview and Level Annotations

Branches:
Dungeon (9/15)             Temple (1/1) D:6            Lair (0/5) D:8
    Orc: D:9-12

Altars:
Ashenzari
Cheibriados
Dithmenos
Elyvilon
Fedhas
Gozag
Hepliaklqana
Makhleb
Nemelex Xobeh
Okawaru
Qazlal
Ru
Trog
Uskayaw
Wu Jian
Xom
Zin
The Shining One

Shops:
D:2 :   D:8 [


Innate Abilities, Weirdness & Mutations

You are immune to sickness and miasma.
You are immune to poison.
Your flesh is very heat resistant. (rF++)
You are vulnerable to cold. (rC-)
You float through the air rather than walking.
You learn spells naturally, not from books.
Your magical power is your life essence.
You have superior vitality. (+4 MHP)


Message History

The mystic blast hits the gnoll sergeant!!
You kill the gnoll sergeant!
Makhleb accepts your kill.
The centaur warrior wields a +0 longbow.
The centaur warrior shoots an arrow.
The arrow hits you!
The centaur warrior shoots an arrow.
The arrow hits you!!
Your Dodging skill increases to level 4!
Your Spellcasting skill increases to level 12!
You have reached level 11!
The power to cast Sticky Flame wells up from within.
Spell assigned to 'j'.
You take 27 damage, and have 31/65 hp.
MASSIVE DAMAGE!!
The centaur warrior shoots an arrow.
The arrow hits you!!
* * * LOW HITPOINT WARNING * * *
You see here a ring of protection from fire.
You take 28 damage, and have 3/65 hp.
MASSIVE DAMAGE!!
Casting: Iskenderun's Mystic Blast (safe; 1% risk of failure)
Confirm with . or Enter, or press ? or * to list all spells.
You don't have enough health to cast this spell.
Unknown command.
Casting: Iskenderun's Mystic Blast (safe; 1% risk of failure)
Confirm with . or Enter, or press ? or * to list all spells.
You don't have enough health to cast this spell.
Unknown command.
Casting: Iskenderun's Mystic Blast (safe; 1% risk of failure)
Confirm with . or Enter, or press ? or * to list all spells.
You don't have enough health to cast this spell.
Unknown command.
Casting: Iskenderun's Mystic Blast (safe; 1% risk of failure)
Confirm with . or Enter, or press ? or * to list all spells.
You don't have enough health to cast this spell.
Unknown command.
Casting: Iskenderun's Mystic Blast (safe; 1% risk of failure)
Confirm with . or Enter, or press ? or * to list all spells.
Okay, then.
Okay, then.
Okay, then.
It was a potion of attraction.
You feel attractive to monsters.
The centaur warrior shoots an arrow.
The arrow hits you!!
You die...

#.♣♣.♣#♣.♣
#♣..♣♣ ♣.♣ ♣♣.♣
♣.♣♣♣♣♣♣♣♣♣♣♣.♣
♣♣.♣
♣.............♣
♣♣
♣♣♣♣♣♣♣.♣♣♣♣♣♣♣
########.#
#........####
#.♣.######)†+
#.♣.#)..'@)c#
#.♣.†).######
#...#### #####


You could see a centaur warrior.

Vanquished Creatures
  A two-headed ogre (D:9)
  An ugly thing (D:9)
  A tengu conjurer (D:9)
  A hornet (D:9)
  Eustachio (D:5)
  A wyvern (D:7)
  3 steam dragons
  Menkaure (D:4)
  5 orc warriors
  A sky beast (D:7)
  3 black bears
  5 ice beasts
  A centaur (D:9)
  A phantom (D:5)
  A kobold brigand (D:9)
  3 bullfrogs
  2 gnoll sergeants
  2 scorpions
  6 wights
  A killer bee (D:9)
  An electric eel (D:9)
  2 howler monkeys
  A crimson imp (D:4)
  2 hounds
  2 jellies
  A gnoll bouda (D:8)
  3 orc priests
  A sleepcap (D:4)
  6 iguanas
  8 orc wizards
  A human simulacrum (D:9)
  Robin (D:3)
  10 gnolls
  An adder (D:5)
  5 white imps
  An ufetubus (D:6)
  A worm (D:3)
  2 dart slugs
  51 orcs
  3 ball pythons
  3 bats
  5 endoplasms
  4 giant cockroaches
  15 goblins
  8 hobgoblins
  3 jackals (D:2)
  2 frilled lizards (D:1)
  6 kobolds
  4 rats
194 creatures vanquished.

Vanquished Creatures (others)
  16 foxfires
16 creatures vanquished.

Grand Total: 210 creatures vanquished

Notes
Turn   | Place    | Note
-------+----------+-------------------------------------------
     0 | D:1      | spardeous the Djinni Conjurer began the quest for the Orb.
     0 | D:1      | spardeous set off with the following spells memorised:
                  | Magic Dart, Searing Ray, Dazzling Flash, Fulminant Prism,
                  | Iskenderun's Mystic Blast.
     0 | D:1      | Reached XP level 1. HP: 15/15 MP: 0/0
   128 | D:1      | Reached XP level 2. HP: 19/21 MP: 0/0
   760 | D:2      | Found Zobrorph's Book Shoppe.
   770 | D:2      | Reached XP level 3. HP: 24/25 MP: 0/0
   770 | D:2      | Learned a level 1 spell: Foxfire
   979 | D:2      | Reached skill level 4 in Spellcasting
  1323 | D:3      | Noticed Robin
  2034 | D:3      | Reached XP level 4. HP: 30/31 MP: 0/0
  2079 | D:3      | Killed Robin
  2225 | D:3      | Found a shimmering altar of Xom.
  2229 | D:3      | Found an iron altar of Okawaru.
  2229 | D:3      | Found a white marble altar of Elyvilon.
  2242 | D:3      | Found a sparkling altar of Nemelex Xobeh.
  2245 | D:3      | Found a bloodstained altar of Trog.
  2576 | D:3      | Found a bloodstained altar of Trog.
  2581 | D:3      | Found an iron altar of Okawaru.
  2581 | D:3      | Found a sparkling altar of Nemelex Xobeh.
  2592 | D:3      | Found a white marble altar of Elyvilon.
  2596 | D:3      | Found a shimmering altar of Xom.
  3090 | D:4      | Reached XP level 5. HP: 18/35 MP: 0/0
  3090 | D:4      | Learned a level 2 spell: Wereblood
  3298 | D:4      | Reached skill level 5 in Spellcasting
  3520 | D:4      | Noticed Menkaure
  3536 | D:4      | Killed Menkaure
  3537 | D:4      | Reached XP level 6. HP: 21/40 MP: 0/0
  3744 | D:4      | Found a shadowy altar of Dithmenos.
  3787 | D:4      | Reached skill level 6 in Spellcasting
  4049 | D:4      | Reached XP level 7. HP: 39/45 MP: 0/0
  4049 | D:4      | Learned a level 3 spell: Hailstorm
  4340 | D:5      | Entered Level 5 of the Dungeon
  5017 | D:5      | Reached skill level 7 in Spellcasting
  5017 | D:5      | Reached XP level 8. HP: 24/50 MP: 0/0
  5370 | D:5      | Noticed Eustachio
  5392 | D:5      | Killed Eustachio
  5394 | D:5      | Reached skill level 8 in Spellcasting
  5785 | D:5      | Found a broken altar of Ashenzari.
  6250 | D:6      | Reached XP level 9. HP: 49/55 MP: 0/0
  6250 | D:6      | Learned a level 3 spell: Confusing Touch
  6323 | D:6      | Reached skill level 9 in Spellcasting
  6511 | D:6      | Found a burning altar of Makhleb.
  6511 | D:6      | Found a glowing silver altar of Zin.
  6512 | D:6      | Noticed an angel
  6512 | D:6      | Noticed an Executioner
  6625 | D:6      | Found a staircase to the Ecumenical Temple.
  7207 | Temple   | Entered the Ecumenical Temple
  7268 | D:6      | Became a worshipper of Makhleb the Destroyer
  7746 | D:7      | Found an ornate altar of the Wu Jian Council.
  7750 | D:7      | Identified the staff of air "Mouzxeyh" {rElec Str+4}
  7874 | D:7      | Reached skill level 10 in Spellcasting
  8049 | D:7      | Found an opulent altar of Gozag.
  8661 | D:8      | Found Oliyziax's Armour Boutique.
  8680 | D:8      | Bought the +0 leather armour "Xucooh" {rF- rC+ Will+
                  | Regen+} for 160 gold pieces
  8893 | D:8      | Reached XP level 10. HP: 46/60 MP: 0/0
  8896 | D:8      | Reached * piety under Makhleb
  8992 | D:8      | Found a staircase to the Lair.
  9324 | D:9      | Reached skill level 11 in Spellcasting
  9626 | D:9      | Noticed a red ugly thing
  9629 | D:9      | Killed a red ugly thing
  9632 | D:9      | Reached ** piety under Makhleb
  9768 | D:9      | Noticed a two-headed ogre
  9768 | D:9      | Noticed a centaur warrior
  9772 | D:9      | Killed a two-headed ogre
  9773 | D:9      | Reached skill level 12 in Spellcasting
  9773 | D:9      | Reached XP level 11. HP: 31/65 MP: 0/0
  9773 | D:9      | Learned a level 4 spell: Sticky Flame
  9773 | D:9      | HP: 3/65 [centaur warrior/arrow (29)]
  9774 | D:9      | Shot with an arrow by a centaur warrior

Illustrated notes

Levels and vault maps discovered:
D:1:      dpeg_arrival_fog, layout_basic, chequers_serial_rivers_micro_c
D:2:      layout_basic, serial_shops, shop
D:3:      layout_loops_ring, minmay_overflow_temple_star_hex, uniq_robin
D:4:      layout_layer_cave, grunt_dithmenos_smoke, minmay_fire_ice_demons,
          uniq_menkaure
D:5:      layout_loops_ring, evilmike_ruin_ashenzari,
          mainiacjoe_overflow_surrounded_room, serial_glass, glass_columns_b,
          glass_columns_a, due_unseen_surprise, feat_on_display,
          feat_on_display, uniq_eustachio
D:6:      layout_basic, grunt_temple_overflow_order_and_chaos_2,
          minmay_temple_entry_metal_lava, hangedman_decor_push
D:7:      layout_basic, old_standard_altar, grunt_gozag_breadcrumbs
D:8:      layout_rooms, lair_entry_dummy, serial_shops, nicolae_stop_n_shop_1
D:9:      nzn_winding_woodlands_large [nzn_winding_woodlands_5x5_closed_star,
          nzn_winding_woodlands_5x15_pool, nzn_winding_woodlands_5x5_perimeter,
          nzn_winding_woodlands_center_lodge,
          nzn_winding_woodlands_15x15_boxy_spiral,
          nzn_winding_woodlands_center_pierced_h,
          nzn_winding_woodlands_5x5_three, nzn_winding_woodlands_5x15_crooked,
          nzn_winding_woodlands_5x5_default], layout_small_grid,
          hiddenorc1_lemuel, serial_park_tiny_2, small_chamber_with_monster,
          nicolae_water_bricks, hangedman_abyss_or_decor_lesser_grid,
          bh_circular_ruins, uniq_gastronok
Temple:   hellmonk_temple_rainy

Skill      XL: |  1  2  3  4  5  6  7  8  9 10 |
---------------+-------------------------------+-----
Spellcasting   | 4 5 6 7 8 10 12 | 12.1
Dodging        | 4 |  4.9
Stealth        | |  1.5

Action                     |  1- 3 |  4- 6 |  7- 9 | 10-12 || total
---------------------------+-------+-------+-------+-------++-------
  Melee: Spear             |       |       |     2 |       ||     2
         Staff             |       |       |       |     1 ||     1
   Cast: Magic Dart        |    72 |    75 |    67 |    20 ||   234
         Searing Ray       |     2 |     8 |    37 |       ||    47
         Foxfire           |     1 |       |    10 |       ||    11
         Iskenderun's Myst |       |       |    36 |    48 ||    84
         Dazzling Flash    |       |       |     1 |       ||     1
         Hailstorm         |       |       |     1 |       ||     1
    Use: Potion            |       |       |       |     1 ||     1
 Armour: Robe              |     1 |     1 |    17 |       ||    19
         Leather armour    |       |       |       |     3 ||     3
  Dodge: Dodged            |    12 |     5 |    29 |    10 ||    56
  Block: Other             |       |       |     3 |     7 ||    10
         Reflection        |       |       |     1 |     2 ||     3
